 Dungeon Crawl Stone Soup version 0.21.1-1-g345015fe64 (webtiles) character file.

277 P0NYSLAYSTATION the Skirmisher (level 6, -4/56 HPs)
             Began as a Hill Orc Monk on June 16, 2018.
             Slain by barcollo's ghost (7 damage)
             ... on level 7 of the Dungeon.
             The game lasted 00:10:01 (1865 turns).

P0NYSLAYSTATION the Skirmisher (Hill Orc Monk)      Turns: 1865, Time: 00:10:02

Health: -4/56      AC:  3    Str: 13 (16) XL:     6   Next: 25%
Magic:  6/6        EV: 12    Int:  7 (10) God:
Gold:   38         SH:  0    Dex:  9 (13) Spells: 5/5 levels left

rFire    + . .     SeeInvis .   g - +2 short sword (elec)
rCold    + . .     Gourm    .   (no shield)
rNeg     . . .     Faith    .   m - +0 leather armour
rPois    .         Spirit   .   (no helmet)
rElec    .         Reflect  .   (no cloak)
rCorr    .         Harm     .   (no gloves)
MR       .....                  (no boots)
Stlth    +.........             (no amulet)
HPRegen  0.18/turn              f - ring of protection from cold
MPRegen  0.10/turn              i - ring of protection from fire

@: no status effects
A: no striking features
a: no special abilities


You were on level 7 of the Dungeon.
You were not hungry.

You visited 1 branch of the dungeon, and saw 8 of its levels.

You collected 38 gold pieces.

Inventory:

Hand Weapons
 a - a +1 falchion
 g - a +2 short sword of electrocution (weapon)
Armour
 b - a +0 robe
 m - a +0 leather armour (worn)
Jewellery
 f - a ring of protection from cold (left hand)
 i - a ring of protection from fire (right hand)
Wands
 e - a wand of clouds (6)
 h - a wand of flame (19)
 j - a wand of random effects (21)
Books
 d - a Young Poisoner's Handbook

   Spells                             Type                      Level
   a - Sting                          Conjuration/Poison           1
   b - Poisonous Vapours              Poison/Air                   2
   c - Mephitic Cloud                 Conjuration/Poison/Air       3
   d - Olgreb's Toxic Radiance        Poison                       4
   e - Venom Bolt                     Conjuration/Poison           5
Comestibles
 c - 4 rations
 k - a chunk of flesh


   Skills:
 + Level 5.1 Fighting
 + Level 2.9(3.8) Short Blades
 - Level 4.2(4.8) Long Blades
 * Level 0.7 Armour
 + Level 3.4 Dodging
 + Level 1.9 Stealth


You had 5 spell levels left.
You didn't know any spells.

Dungeon Overview and Level Annotations

Branches:
Dungeon (8/15)
 Temple: D:4-7         Lair: D:8-11

Altars:
Elyvilon
Gozag
Ru
Wu Jian
Xom

Annotations:
D:4 Sigmund
D:7 barcollo's ghost, novice MiBe


Message History

Barcollo's ghost turns its malevolent gaze towards you.
It was a potion of degeneration.
There was something very wrong with that liquid.
You feel weakened.
You feel dopey.
You feel clumsy. Barcollo's ghost hits you!
Found a stone staircase leading up.
As you read the scroll of enchant weapon, it crumbles to dust.
Your +1 short sword of electrocution glows red for a moment.
Barcollo's ghost closely misses you.
You barely miss barcollo's ghost. You closely miss barcollo's ghost.
Barcollo's ghost barely misses you.
You hit barcollo's ghost but do no damage.
Lightning courses through barcollo's ghost!
Barcollo's ghost is lightly damaged.
Barcollo's ghost hits you! Barcollo's ghost hits you.
There is an escape hatch in the floor here.
Barcollo's ghost hits you!!
* * * LOW HITPOINT WARNING * * *
You die...

#>.[...<#
#.##.##.#
#.##....###
#.#.......#
#.#.#...#.#
#.#.#.#......
#.........#.##
#####.W.###.#
#..@#
#.......#
#...#####
#...# #..)#
#...# #...#
#...<


You could see barcollo's ghost.

Vanquished Creatures
  A bullfrog (D:8)
  A crimson imp (D:5)
  A quasit (D:6)
  A hound (D:5)
  Ijyb (D:3)
  An iguana (D:4)
  A worker ant (D:4)
  An adder (D:3)
  A dart slug (D:2)
  A leopard gecko (D:3)
  An orc (D:4)
  5 goblins
  2 hobgoblins
  3 jackals (D:1)
  3 kobolds
  3 quokkas
  A frilled lizard (D:2)
  A jackal zombie (D:5)
  5 rats
34 creatures vanquished.

Notes
Turn   | Place    | Note
-------+----------+-------------------------------------------
     0 | D:1      | P0NYSLAYSTATION the Hill Orc Monk began the quest for the Orb.
     0 | D:1      | Reached XP level 1. HP: 19/19 MP: 1/1
    61 | D:2      | Reached XP level 2. HP: 19/27 MP: 2/2
    76 | D:2      | Found a white marble altar of Elyvilon.
    86 | D:2      | Reached skill level 4 in Fighting
   457 | D:3      | Found an ornate altar of the Wu Jian Council.
   471 | D:3      | Reached XP level 3. HP: 19/33 MP: 3/3
   779 | D:4      | Noticed Ijyb
   796 | D:3      | Killed Ijyb
   796 | D:3      | Reached XP level 4. HP: 5/41 MP: 4/4
  1041 | D:5      | Entered Level 5 of the Dungeon
  1062 | D:5      | Found a sacrificial altar of Ru.
  1074 | D:5      | Reached skill level 1 in Short Blades
  1145 | D:5      | Reached XP level 5. HP: 37/47 MP: 5/5
  1199 | D:4      | Found an opulent altar of Gozag.
  1269 | D:4      | Found a shimmering altar of Xom.
  1276 | D:4      | Noticed Sigmund
  1302 | D:4      | Noticed an ogre
  1688 | D:8      | Reached skill level 5 in Fighting
  1688 | D:8      | Reached XP level 6. HP: 30/56 MP: 6/6
  1856 | D:7      | Noticed barcollo's ghost (novice MiBe)
  1865 | D:7      | Slain by barcollo's ghost

Skill      XL: |  1  2  3  4  5 |
---------------+----------------+-----
Fighting       | 4 5 |  5.1
Long Blades    | 4 |  4.2
Short Blades   | 1 2 |  2.9
Dodging        | 3 |  3.4
Armour         | |  0.7
Stealth        | |  1.9

Action                   |  1- 3 |  4- 6 || total
-------------------------+-------+-------++-------
Melee: Falchion          |    42 |       ||    42
       Short sword       |    42 |    42 ||    84
  Use: Scroll            |     2 |     2 ||     4
       Potion            |     1 |     1 ||     2
  Eat: Ration            |       |     1 ||     1
Armor: Robe              |    10 |     4 ||    14
       Leather armour    |       |     1 ||     1
Dodge: Dodged            |    44 |    32 ||    76
       Rpst.: Falchion   |     7 |       ||     7
